 Dungeon Crawl Stone Soup version 0.21-a0-442-g848f44b (webtiles) character file.

17 slep the Skirmisher (level 2, 0/23 HPs)
             Began as a Demonspawn Wanderer on Nov 15, 2017.
             Succumbed to Sigmund's poison
             ... on level 2 of the Dungeon.
             The game lasted 00:02:27 (508 turns).

slep the Skirmisher (Demonspawn Wanderer)            Turns: 508, Time: 00:02:28

Health: 0/23       AC:  5    Str: 10    XL:     2   Next: 44%
Magic:  3/3        EV:  6    Int: 15    God:
Gold:   68         SH:  7    Dex: 12    Spells: 3/3 levels left

rFire    . . .     SeeInvis .   h - +0 short sword (drain)
rCold    . . .     Gourm    .   a - +0 shield
rNeg     . . .     Faith    .   k - +0 ring mail
rPois    .         Spirit   .   (no helmet)
rElec    .         Reflect  .   (no cloak)
rCorr    .         Harm     .   (no gloves)
MR       +....                  (no boots)
Stlth    ++........             (no amulet)
HPRegen  0.07/turn              n - ring of protection from magic
MPRegen  0.08/turn              (no ring)

@: lethally poisoned (0 -> -17), drained
A: nightstalker 1
a: no special abilities


You were on level 2 of the Dungeon.
You were not hungry.

You visited 1 branch of the dungeon, and saw 2 of its levels.

You collected 68 gold pieces.

Inventory:

Hand Weapons
 b - a +0 quarterstaff
 c - a +0 short sword
 e - a +0 dagger
 h - a +0 short sword of draining (weapon)
Armour
 a - a +0 shield (worn)
 d - a +0 robe
 k - a +0 ring mail (worn)
Jewellery
 n - a ring of protection from magic (left hand)
Scrolls
 g - a scroll of noise {unknown}
 i - a scroll of enchant weapon {unknown}
 l - 2 scrolls of identify {unknown}
 o - 3 scrolls of remove curse {unknown}
 q - a scroll of teleportation {unknown}
Potions
 m - a potion of magic {unknown}
 p - a potion of invisibility {unknown}
 r - a potion of curing {unknown}
Comestibles
 f - 2 bread rations
 j - 2 meat rations


   Skills:
 + Level 2.5(2.4) Fighting
 + Level 2.2 Short Blades
 + Level 2.1 Stealth
 + Level 1.0(0.9) Shields
 + Level 1.0 Spellcasting
   Level 1.0(0.9) Summonings
   Level 1.0(0.9) Transmutations


You had 3 spell levels left.
You didn't know any spells.

Dungeon Overview and Level Annotations

Branches:
Dungeon (2/15)

Altars:
Dithmenos
Sif Muna
Trog
Uskayaw
Vehumet
Yredelemnul

Annotations:
D:2 Sigmund


Innate Abilities, Weirdness & Mutations

You are slightly more attuned to the shadows.


Message History

There is a radiant altar of Vehumet here.
You now have 68 gold pieces (gained 6).
You open the door.
Found a bloodstained altar of Trog.
Sigmund the Dreaded comes into view.
He is wielding a scythe of venom.
Sigmund shouts!
Sigmund mumbles some strange words.
Sigmund flickers and vanishes!
Deactivating autopickup; reactivate with Ctrl-A.
Something hits you.
You miss something. Something hits you!
* * * LOW HITPOINT WARNING * * *
You are lethally poisoned!
You hit something.
* * * LOW HITPOINT WARNING * * *
You feel sick.
You miss something. Something hits you but does no damage.
You are more poisoned.
You closely miss something.
You die...

....##..#......#.....'.._..
....###.##########.#.###.##
........# ##..#.# ........#
#..##.##
........########.###...
.................# #...
.........##########..##
.#)####....######...# ...#
#..#......@{# .....
#.............#
..##.##.###...#####.# ..#
..... #.#... .# ...
###........## # ###.####...
.. ##.


There were no monsters in sight!

Vanquished Creatures
  A worm (D:2)
  2 giant cockroaches (D:1)
  2 goblins (D:1)
  2 hobgoblins (D:2)
  2 frilled lizards (D:1)
  3 kobolds (D:1)
  2 rats (D:1)
14 creatures vanquished.

Notes
Turn   | Place    | Note
-------+----------+-------------------------------------------
     0 | D:1      | slep the Demonspawn Wanderer began the quest for the Orb.
     0 | D:1      | slep set off with: a +0 shield, a +0 quarterstaff, a +0 short sword, a +0 robe, a +0 dagger, a bread ration
     0 | D:1      | Reached XP level 1. HP: 16/16 MP: 2/2
   215 | D:1      | Gained mutation: You are slightly more attuned to the shadows. [demonic ancestry]
   215 | D:1      | Reached XP level 2. HP: 16/22 MP: 3/3
   419 | D:2      | Found a shadowy altar of Dithmenos.
   419 | D:2      | Found a hide-covered altar of Uskayaw.
   429 | D:2      | Found a basalt altar of Yredelemnul.
   429 | D:2      | Found a deep blue altar of Sif Muna.
   451 | D:2      | Found a radiant altar of Vehumet.
   475 | D:2      | Found a bloodstained altar of Trog.
   499 | D:2      | Noticed Sigmund
   508 | D:2      | Succumbed to Sigmund's poison

Vault maps used:
D:1:      dpeg_arrival_rooms_b
D:2:      lemuel_doored_altar, okawaru_gym_becter, grunt_temple_overflow_open,
          first_bread, uniq_sigmund

Skill      XL: |  1 |
---------------+----+-----
Short Blades   | 2 |  2.2
Stealth        | 2 |  2.1
Fighting       | |  2.5
Shields        | |  1.0
Spellcasting   | |  1.0
Summonings     | |  1.0
Transmutations | |  1.0

Action                   || total
-------------------------++-------
Melee: Short sword       ||    45
 Stab: Sleeping          ||     1
Armor: Ring mail         ||     8
Dodge: Dodged            ||    15
Block: Shield            ||    11

Table legend:
 A = Spawn XP
 B = Non-spawn XP
 C = Spawn XP percentage of total XP
 D = Spawn monster count
 E = Non-spawn monster count
 F = Spawn count percentage of total count
 G = Total turns spent on level
                    A         B        C        D         E        F      G
               +---------+---------+-------+---------+---------+-------+---------
         Total |       0 |      25 |   0.0 |       0 |      14 |   0.0 |   508
               +---------+---------+-------+---------+---------+-------+---------
           D:1 |       0 |      16 |   0.0 |       0 |      11 |   0.0 |   408
           D:2 |       0 |       9 |   0.0 |       0 |       3 |   0.0 |   100
               +---------+---------+-------+---------+---------+-------+---------
